 Dungeon Crawl Stone Soup version 0.16.0 (webtiles) character file.

14183 Virusyak the Cleaver (level 11, -10/93 HPs)
             Began as a Yellow Draconian Fighter on Mar 14, 2015.
             Was a High Priest of the Shining One.
             Mangled by a two-headed ogre
             ... wielding a +2 dire flail of pain
              (26 damage)
             ... on level 12 of the Dungeon.
             The game lasted 01:58:54 (11148 turns).

Virusyak the Cleaver (Yellow Draconian Fighter)    Turns: 11148, Time: 01:58:54

Health: -10/93     AC: 11    Str: 19    XL:     11   Next: 85%
Magic:  19/20      EV: 16    Int: 10    God:    the Shining One [*****.]
Gold:   668        SH:  6    Dex: 12    Spells: 0 memorised, 10 levels left

rFire  . . .     SeeInvis +     d - +0 battleaxe
rCold  . . .     Clarity  .     (armour unavailable)
rNeg   + + .     SustAb   .     (no shield)
rPois  .         Gourm    .     (helmet restricted)
rElec  .         Spirit   .     k - +0 cloak (curse)
rCorr  +         Warding  .     I - +1 pair of gloves
rMut   .         Stasis   .     u - +0 pair of boots
MR     .....                    (no amulet)
Stlth  +.........               P - ring of see invisible
                                R - ring of magical power (curse)

@: divine shield, about to teleport, glowing, not resistant to hostile
enchantments, very unstealthy
A: spit acid, acid resistance, unfitting armour, agile 1, frail 1, slow healing
1, weak 1, cold-blooded, AC +7
a: Spit Acid, Divine Shield, Cleansing Flame, Summon Divine Warrior, Renounce
Religion


You were on level 12 of the Dungeon.
You worshipped the Shining One.
The Shining One was extremely pleased with you.
You were not hungry.

You visited 1 branch of the dungeon, and saw 12 of its levels.
You also visited: Sewer.

You collected 668 gold pieces.

Inventory:

Hand weapons
 d - a +0 battleaxe (weapon)
 x - a +0 blowgun
 B - a +0 short sword
 E - a +4 quarterstaff of chaos
 J - a cursed -1 shortbow
 N - a +0 war axe
Missiles
 K - 19 arrows of dispersal
 L - 27 poisoned needles
Armour
 k - a cursed +0 cloak (worn)
 u - a +0 pair of boots (worn)
 F - a +0 cloak
 I - a +1 pair of gloves (worn)
Jewellery
 j - an uncursed ring of ice
 G - an uncursed ring of ice
 P - a ring of see invisible (right hand)
 R - a cursed ring of magical power (left hand)
Magical devices
 c - a wand of slowing (27)
 s - a wand of digging (6)
 w - a wand of fireball (2)
 S - a wand of disintegration (12)
 W - a wand of flame (16)
Scrolls
 a - 2 scrolls of enchant weapon {unknown}
 b - 2 scrolls of acquirement {unknown}
 g - 7 scrolls of remove curse
 l - 2 scrolls of teleportation
 m - 6 scrolls of recharging
 n - a scroll of magic mapping {unknown}
 o - 5 scrolls of identify
 p - 3 scrolls of amnesia {unknown}
 q - a scroll of fear {unknown}
 r - 2 scrolls of random uselessness {unknown}
 v - 2 scrolls of fog
 y - a scroll of enchant armour {unknown}
 z - 5 scrolls of blinking {unknown}
 D - a scroll of noise {unknown}
 H - a scroll of holy word {unknown}
 U - a scroll of brand weapon {unknown}
 Y - a scroll of immolation {unknown}
Potions
 e - 2 potions of might
 h - 2 potions of haste
 i - 4 potions of curing
 A - 3 potions of restore abilities
 C - a potion of magic
 V - 3 potions of flight {unknown}
 X - a potion of ambrosia {unknown}
Miscellaneous
 T - a disc of storms
Comestibles
 f - 6 bread rations
 t - 4 slices of pizza
 M - 8 fruits
 O - 2 meat rations
 Q - a royal jelly


   Skills:
 + Level 12.2 Fighting
 + Level 12.4 Axes
 + Level 9.4 Dodging
   Level 3.2 Shields


You had 10 spell levels left.
You didn't know any spells.

Dungeon Overview and Level Annotations

Branches:
Dungeon (12/15)            Temple (0/1) D:5            Lair (0/8) D:8
    Orc (0/4) D:11

Altars:
Ashenzari
Elyvilon
Fedhas
Gozag
Makhleb
Nemelex Xobeh
Sif Muna
Trog
Vehumet
Xom
Zin
The Shining One

Shops:
D:11 !


Innate Abilities, Weirdness & Mutations

You can spit globs of acid.
You can corrode armour when you spit acid.
You are resistant to acid.
Your golden yellow scales are hard (AC +7).
Your body does not fit into most forms of armour.
Your cold-blooded metabolism reacts poorly to cold.
You are agile. (Dex +2)
You are frail (-10% HP).
You heal slowly when monsters are visible.
You are weak. (Str -2)


Message History

Okay, then.
Use which ability? (? or * to list) Use which ability? (? or * to list)
Press: ? - help, Shift-Dir - straight line, f/p - two-headed ogre
Aim: a two-headed ogre, wielding a dire flail of pain and a giant club (haloed)
You fail to use your ability.
The two-headed ogre hits you with a dire flail of pain!!
* * * LOW HITPOINT WARNING * * *
The two-headed ogre hits you with a giant club.
* * * LOW HITPOINT WARNING * * *
Things that are here:
a giant club; an ogre corpse Drink which item? (? for menu, Esc to quit)
You feel better. You block the two-headed ogre's attack.
The two-headed ogre closely misses you.
Read which item? (? for menu, Esc to quit)
As you read the scroll of teleportation, it crumbles to dust.
You feel strangely unstable.
The two-headed ogre hits you with a dire flail of pain!!
You die...

###. ####.. #.
.###....#.. #.
.........#... #.
............... #.
............. ..
#.........# .. #......#
.. #.@.# .. ##O.## .P..
##)...#### .... .
##.<......#########..
..#
##...##..............#
....#
###...###..............#
.....###...###
##.............#
..........##
#.............##
#........†##
#...###........#


You could see a two-headed ogre.

Vanquished Creatures
  Josephine (D:11)
  A centaur warrior (D:12)
  A cyclops (D:11)
  An ugly thing (D:12)
  2 slime creatures (D:12)
  A gargoyle (D:10)
  A two-headed ogre (D:9)
  2 trolls
  A basilisk (D:12)
  A spriggan (D:10)
  3 wraiths (D:11)
  2 wyverns
  3 shadows
  2 deep elf magi
  Eustachio (D:8)
  14 yaks
  A hippogriff (D:8)
  2 sky beasts
  6 necrophages
  A wasp (D:8)
  A water moccasin (D:10)
  An orc warrior (D:8)
  9 centaurs
  7 ogres
  11 giant frogs
  2 crocodiles (D:11)
  A water moccasin zombie (D:9)
  5 big kobolds
  A wyvern skeleton (D:11)
  6 wights
  16 killer bees
  A goliath beetle (D:4)
  4 centaur zombies
  5 crimson imps
  2 jellies
  A giant frog skeleton (D:12)
  Crazy Yiuf (D:4)
  3 giant frog zombies
  3 centaur skeletons
  4 orc priests
  2 hounds
  5 worker ants
  2 iguanas
  2 orc wizards
  Ijyb (D:2)
  Jessica (D:2)
  A mummy (D:12)
  4 gnolls (D:5)
  16 adders
  2 shadow imps (D:5)
  A giant mite (D:3)
  6 worms
  2 oozes
  34 orcs
  2 ball pythons (Sewer)
  A bat skeleton (D:5)
  A bat zombie (D:5)
  7 giant cockroaches
  11 hobgoblins
  5 quokkas
  24 bats
  7 giant geckos
  A giant gecko zombie (D:9)
  4 giant newts
  A giant spore (D:12)
  11 goblins
  A goblin skeleton (D:5)
  4 goblin zombies (D:5)
  3 hobgoblin zombies (D:5)
  10 jackals
  A jackal zombie (D:5)
  25 kobolds
  A kobold skeleton (D:5)
  2 kobold zombies (D:5)
  3 orc skeletons (D:5)
  An orc zombie (D:5)
  17 rats
  6 ballistomycetes (D:12)
  A plant (D:9)
360 creatures vanquished.

Notes
Turn   | Place    | Note
--------------------------------------------------------------
     0 | D:1      | Virusyak, the Draconian Fighter, began the quest for the Orb.
     0 | D:1      | Reached XP level 1. HP: 19/19 MP: 1/1
   215 | D:1      | Reached XP level 2. HP: 26/26 MP: 2/2
  1053 | D:2      | Noticed Jessica
  1058 | D:2      | Killed Jessica
  1058 | D:2      | Reached skill level 4 in Fighting
  1058 | D:2      | Reached XP level 3. HP: 33/33 MP: 3/3
  1385 | D:2      | Noticed Ijyb
  1391 | D:2      | Killed Ijyb
  1391 | D:2      | Reached XP level 4. HP: 32/40 MP: 4/4
  2213 | D:3      | Reached XP level 5. HP: 32/47 MP: 5/5
  2224 | D:3      | Found a glowing drain.
  2261 | Sewer    | Entered a sewer
  2874 | Sewer    | Reached skill level 5 in Fighting
  2874 | Sewer    | Reached skill level 5 in Axes
  2874 | Sewer    | Reached XP level 6. HP: 22/56 MP: 6/6
  2879 | Sewer    | f
  2883 | Sewer    | Gained mutation: You are agile. (Dex +2) [potion of mutation]
  2883 | Sewer    | Gained mutation: You heal slowly when monsters are visible. [potion of mutation]
  2883 | Sewer    | Gained mutation: You are robust (+10% HP). [potion of mutation]
  3201 | D:3      | Found a white marble altar of Elyvilon.
  3204 | D:3      | Reached skill level 6 in Axes
  3379 | D:4      | Found a shattered altar of Ashenzari.
  3753 | D:4      | Your scales start taking on a golden yellow colour.
  3753 | D:4      | Reached XP level 7. HP: 36/68 MP: 7/7
  3902 | D:4      | Noticed Crazy Yiuf
  3906 | D:4      | Killed Crazy Yiuf
  4017 | D:5      | Entered Level 5 of the Dungeon
  4064 | D:5      | Found a glowing golden altar of the Shining One.
  4089 | D:5      | Became a worshipper of the Shining One
  4466 | D:5      | Reached skill level 7 in Axes
  4512 | D:5      | Found a staircase to the Ecumenical Temple.
  4578 | D:5      | Acquired the Shining One's first power
  5134 | D:6      | Reached skill level 8 in Axes
  5134 | D:6      | Reached XP level 8. HP: 71/78 MP: 8/8
  5179 | D:6      | Found a blossoming altar of Fedhas.
  5520 | D:6      | Gained mutation: Your muscles are strong. (Str +2) [potion of mutation]
  5926 | D:6      | Found a shimmering altar of Xom.
  5933 | D:6      | Found a deep blue altar of Sif Muna.
  5942 | D:6      | Found a shattered altar of Ashenzari.
  5949 | D:6      | Found a radiant altar of Vehumet.
  5951 | D:6      | Found a blossoming altar of Fedhas.
  5955 | D:6      | Found a burning altar of Makhleb.
  5961 | D:6      | Found a bloodstained altar of Trog.
  6451 | D:7      | Acquired the Shining One's second power
  6454 | D:7      | Reached skill level 9 in Axes
  6630 | D:7      | Reached XP level 9. HP: 78/89 MP: 9/9
  6902 | D:8      | Lost mutation: You are robust (+10% HP). [potion of mutation]
  6902 | D:8      | Gained mutation: You are frail (-10% HP). [potion of mutation]
  6903 | D:8      | Lost mutation: Your muscles are strong. (Str +2) [potion of mutation]
  6929 | D:8      | Reached skill level 5 in Dodging
  6963 | D:8      | Noticed Eustachio
  6975 | D:8      | Found a staircase to the Lair.
  6992 | D:8      | Killed Eustachio
  7239 | D:8      | Found an opulent altar of Gozag.
  7348 | D:8      | Reached skill level 10 in Axes
  7744 | D:9      | Gained mutation: You are weak. (Str -2) [mutagenic meat]
  7888 | D:9      | Reached XP level 10. HP: 57/81 MP: 10/10
  8039 | D:9      | Found a glowing silver altar of Zin.
  8103 | D:9      | Reached skill level 10 in Fighting
  8424 | D:10     | Entered Level 10 of the Dungeon
  8424 | D:10     | Found a burning altar of Makhleb.
  8917 | D:10     | Reached skill level 11 in Axes
  9396 | D:10     | Reached XP level 11. HP: 81/91 MP: 11/11
  9545 | D:11     | Found Psachufu's Distillery.
  9576 | D:11     | Found a sparkling altar of Nemelex Xobeh.
  9596 | D:11     | Found a staircase to the Orcish Mines.
 10025 | D:11     | Noticed Josephine
 10027 | D:11     | Acquired the Shining One's third power
 10032 | D:11     | Killed Josephine
 10731 | D:12     | Noticed a centaur warrior
 10740 | D:12     | Killed a centaur warrior
 10740 | D:12     | Reached skill level 12 in Axes
 11098 | D:12     | Acquired the Shining One's fourth power
 11148 | D:12     | Mangled by a two-headed ogre

Action                   |  1- 3 |  4- 6 |  7- 9 | 10-12 || total
-------------------------+-------+-------+-------+-------++-------
Melee: War axe           |    81 |   230 |   125 |       ||   436
       Battleaxe         |       |       |   134 |   261 ||   395
Invok: Divine Shield     |       |       |       |     1 ||     1
 Abil: Spit Acid         |       |       |     2 |     5 ||     7
Evoke: Wand              |       |       |     2 |     2 ||     4
  Use: Potion            |       |     8 |     8 |     3 ||    19
       Scroll            |       |     2 |     1 |     4 ||     7
 Stab: Sleeping          |     1 |       |       |       ||     1
  Eat: Chunk             |     1 |     8 |    12 |     4 ||    25
       Bread ration      |       |       |     1 |     2 ||     3
